 Dungeon Crawl Stone Soup version 0.22-a0-799-g88f5e90 (webtiles) character file.

44 KyrpaJooseppi the Grave Robber (level 3, 0/27 HPs)
             Began as a Vampire Necromancer on July 21, 2018.
             Succumbed to a scorpion's poison
             ... on level 1 of the Dungeon.
             The game lasted 00:05:24 (1304 turns).

KyrpaJooseppi the Grave Robber (VpNe)               Turns: 1304, Time: 00:05:24

Health: 0/27       AC:  2    Str:  7    XL:     3   Next: 39%
Magic:  2/6        EV: 13    Int: 18    God:
Gold:   47         SH:  0    Dex: 14    Spells: 2/6 levels left

rFire    . . .     SeeInvis +   a - +0 short sword
rCold    . . .     Gourm    .   (no shield)
rNeg     . . .     Faith    .   d - +0 robe
rPois    .         Spirit   .   (no helmet)
rElec    .         Reflect  .   (no cloak)
rCorr    .         Harm     .   (no gloves)
MR       .....                  (no boots)
Stlth    ++........             (no amulet)
HPRegen  0.29/turn              W - ring of wizardry
MPRegen  0.10/turn              L - ring of flight

@: lethally poisoned (0 -> -6), regenerating quickly
A: fangs 3, see invisible, unbreathing
a: Evoke Flight


You were on level 1 of the Dungeon.
You were very full.

You visited 1 branch of the dungeon, and saw 2 of its levels.

You collected 47 gold pieces.

Inventory:

Hand Weapons
 a - a +0 short sword (weapon)
Missiles
 b - 6 needles of sleeping
Armour
 d - a +0 robe (worn)
Jewellery
 L - a ring of flight (right hand)
 W - a ring of wizardry (left hand)
Scrolls
 c - 3 scrolls of identify
 e - a scroll of blinking {unknown}
 f - a scroll of teleportation
Potions
 q - 7 potions of blood


   Skills:
 - Level 1.7 Fighting
 + Level 2.3 Dodging
 - Level 3.0 Stealth
 - Level 2.0 Spellcasting
 + Level 5.1 Necromancy


You had 2 spell levels left.
You knew the following spells:

 Your Spells              Type           Power        Failure   Level  Hunger
v - Vampiric Draining     Necr           ###.......   2%          3    ###....
z - Pain                  Necr           ###.         1%          1    #......

Your spell library contained the following spells:

 Spells                   Type           Power        Failure   Level  Hunger
 Animate Dead             Necr           N/A          9%          4    #####..
 Animate Skeleton         Necr           N/A          1%          1    #......
 Regeneration             Chrm/Necr      ##........   8%          3    ###....


Dungeon Overview and Level Annotations

Branches:
Dungeon (2/15)

Altars:


Innate Abilities, Weirdness & Mutations

Your natural rate of healing is unusually fast.
You have razor-sharp teeth.
You have supernaturally acute eyesight. (SInv)
You can survive without breathing.


Message History

You feel strangely unstable.
You feel sick. The scorpion stings you.
* * * LOW HITPOINT WARNING * * *
You are lethally poisoned!
The scorpion poisons you!
* * * LOW HITPOINT WARNING * * *
You feel sick.
Your surroundings suddenly seem different.
* * * LOW HITPOINT WARNING * * *
You feel sick.
Yummy - fresh blood!
* * * LOW HITPOINT WARNING * * *
You feel sick.
Yummy - fresh blood!
* * * LOW HITPOINT WARNING * * *
You feel sick.
Yummy - fresh blood!
* * * LOW HITPOINT WARNING * * *
You feel sick.
Yummy - fresh blood!
You die...

#.#.># #.#........
#.#..# #.......##.
#.#.[# ###.....##.
#.#..# #.....###
#.)..# #.....# #..#.#
#.....# #..#.#
#.....### #..#.#
#........ #..#@#
#........ ##.##.#
#...##### #.....#
##..## #.....#
####...#
#..)..####....#.#
#####.....%####.######
#..##### #....... ####
######## #


There were no monsters in sight!

Vanquished Creatures
  3 dart slugs (D:1)
  2 giant cockroaches (D:1)
  4 goblins (D:1)
  5 hobgoblins (D:1)
  7 jackals (D:1)
  2 bats (D:1)
  3 frilled lizards (D:1)
  4 kobolds (D:1)
  3 rats (D:1)
33 creatures vanquished.

Notes
Turn   | Place    | Note
-------+----------+-------------------------------------------
     0 | D:1      | KyrpaJooseppi the Vampire Necromancer began the quest for the Orb.
     0 | D:1      | Reached XP level 1. HP: 13/13 MP: 3/3
   124 | D:1      | Reached skill level 1 in Fighting
   124 | D:1      | Reached XP level 2. HP: 16/21 MP: 0/5
   783 | D:1      | Reached skill level 5 in Necromancy
   783 | D:1      | Reached XP level 3. HP: 8/26 MP: 3/6
  1113 | D:1      | Learned a level 3 spell: Vampiric Draining
  1288 | D:2      | Noticed a scorpion
  1303 | D:1      | HP: 1/27 [poisoned by a scorpion]
  1304 | D:1      | Succumbed to a scorpion's poison

Vault maps used:
D:1:      saegor_arrival_simple_a
D:2:      uniq_natasha

Skill      XL: |  1  2 |
---------------+-------+-----
Fighting       | 1 |  1.7
Necromancy     | 5 |  5.1
Dodging        | |  2.3
Stealth        | |  3.0
Spellcasting   | |  2.0

Action                   || total
-------------------------++-------
Melee: Short sword       ||    33
       Bite              ||     1
 Cast: Pain              ||    58
       Vampiric Draining ||     1
 Abil: End Transformatio ||     1
       Bat Form          ||     1
  Use: Potion            ||     9
       Scroll            ||     2
 Stab: Sleeping          ||     1
Armor: Robe              ||    13
Dodge: Dodged            ||    45

Table legend:
 A = Spawn XP
 B = Non-spawn XP
 C = Spawn XP percentage of total XP
 D = Spawn monster count
 E = Non-spawn monster count
 F = Spawn count percentage of total count
 G = Total turns spent on level
                    A         B        C        D         E        F      G
               +---------+---------+-------+---------+---------+-------+---------
         Total |       0 |      63 |   0.0 |       0 |      33 |   0.0 |  1304
               +---------+---------+-------+---------+---------+-------+---------
           D:1 |       0 |      63 |   0.0 |       0 |      33 |   0.0 |  1300
               +---------+---------+-------+---------+---------+-------+---------
